 Dungeon Crawl Stone Soup version 0.20-a0-622-g01f5896 (webtiles) character file.

520 PurpleRed the Chopper (level 7, -9/63 HPs)
             Began as a Minotaur Fighter on Feb 9, 2017.
             Mangled by a two-headed ogre
             ... wielding a +0 giant spiked club
              (16 damage)
             ... on level 5 of the Dungeon.
             The game lasted 00:06:57 (3816 turns).

PurpleRed the Chopper (Minotaur Fighter)            Turns: 3816, Time: 00:06:57

Health: -9/63      AC:  6    Str: 25    XL:     7   Next: 1%
Magic:  6/6        EV:  7    Int:  5    God:
Gold:   175        SH: 10    Dex: 12    Spells: 6/6 levels left

rFire    . . .     SeeInvis .   a - +0 war axe
rCold    + . .     Gourm    .   b - +0 scale mail
rNeg     . . .     Faith    .   c - +0 shield
rPois    .         Spirit   .   (helmet restricted)
rElec    .         Reflect  .   (no cloak)
rCorr    .         Harm     .   (no gloves)
MR       .....                  (no boots)
Stlth    ..........             (no amulet)
Regen    0.2/turn               (no ring)
                                e - ring of protection from cold

@: mighty
A: retaliatory headbutt, horns 2
a: no special abilities


You were on level 5 of the Dungeon.
You were hungry.

You visited 1 branch of the dungeon, and saw 5 of its levels.

You collected 175 gold pieces.

Inventory:

Hand Weapons
 a - a +0 war axe (weapon)
Armour
 b - a +0 scale mail (worn)
 c - a +0 shield (worn)
Jewellery
 e - a ring of protection from cold (left hand)
 w - an uncursed ring of poison resistance {unknown}
Scrolls
 g - a scroll of fog {unknown}
 h - 3 scrolls of teleportation {unknown}
 l - 3 scrolls of identify {unknown}
 o - a scroll of blinking {unknown}
 p - 2 scrolls of magic mapping {unknown}
 q - 2 scrolls of remove curse {unknown}
 v - 2 scrolls of amnesia {unknown}
 x - a scroll of enchant armour {unknown}
Potions
 d - a potion of might
 i - a potion of invisibility {unknown}
 j - a potion of brilliance {unknown}
 k - 3 potions of curing {unknown}
 n - 2 potions of agility {unknown}
 r - 2 potions of cancellation {unknown}
 t - a potion of lignification {unknown}
 u - a potion of heal wounds {unknown}
Comestibles
 f - 3 bread rations
 m - 4 meat rations


   Skills:
 + Level 6.2 Fighting
 * Level 7.6 Axes
 - Level 3.6 Armour
 - Level 3.6 Shields


You had 6 spell levels left.
You didn't know any spells.

Dungeon Overview and Level Annotations

Branches:
Dungeon (5/15)
 Temple: D:4-7

Altars:


Innate Abilities, Weirdness & Mutations

You reflexively headbutt those who attack you in melee.
You have a pair of horns on your head.


Message History

The two-headed ogre hits you with a giant spiked club!
The two-headed ogre hits you with a giant club!!
Found a royal jelly.
Found a stone staircase leading up.
An orc comes into view. It is wielding a short sword.
The orc shouts!
The orc moves out of view.
A leopard gecko skeleton comes into view.
You feel very mighty all of a sudden.
You completely miss the two-headed ogre.
You block the two-headed ogre's attack.
The two-headed ogre hits you but does no damage.
You block the leopard gecko skeleton's attack.
You slash the two-headed ogre!
The two-headed ogre is moderately wounded.
You hit the leopard gecko skeleton.
The two-headed ogre hits you with a giant spiked club!!
* * * LOW HITPOINT WARNING * * *
The two-headed ogre hits you with a giant club!
You die...

.... .#..# .... .. #
#..# #. #. #..# #.## #
#.. #..# #.....
...%##..#####..###
#..h...oO@Z......
##.##..######.#######
##.##..######<...$...
<..............#######
....############ ###


You could see a two-headed ogre, a hound, an orc and a leopard gecko skeleton.

Vanquished Creatures
  A phantom (D:4)
  2 howler monkeys (D:4)
  A centaur skeleton (D:4)
  3 orc wizards (D:4)
  A worker ant (D:4)
  2 iguanas (D:4)
  5 adders
  A howler monkey skeleton (D:4)
  An ooze (D:2)
  2 worms (D:3)
  A dart slug (D:3)
  5 leopard geckos
  6 orcs
  A ball python (D:2)
  2 giant cockroaches
  8 goblins
  8 hobgoblins
  6 jackals
  7 kobolds
  2 quokkas
  6 bats
  6 frilled lizards
  A leopard gecko skeleton (D:4)
  21 rats
99 creatures vanquished.

Notes
Turn   | Place    | Note
-------+----------+-------------------------------------------
     0 | D:1      | PurpleRed the Minotaur Fighter began the quest for the Orb.
     0 | D:1      | Reached XP level 1. HP: 19/19 MP: 0/0
    27 | D:1      | Reached skill level 3 in Axes
    39 | D:1      | Reached XP level 2. HP: 17/27 MP: 1/1
  1074 | D:2      | Reached XP level 3. HP: 33/33 MP: 2/2
  1382 | D:2      | Reached skill level 4 in Axes
  2002 | D:3      | Reached XP level 4. HP: 41/41 MP: 3/3
  2617 | D:4      | Reached skill level 5 in Axes
  2628 | D:4      | Reached skill level 5 in Fighting
  2628 | D:4      | Reached XP level 5. HP: 46/48 MP: 4/4
  2905 | D:4      | Reached skill level 6 in Axes
  2910 | D:4      | Reached XP level 6. HP: 51/56 MP: 5/5
  3269 | D:4      | Reached skill level 7 in Axes
  3474 | D:4      | Reached XP level 7. HP: 47/63 MP: 6/6
  3801 | D:5      | Entered Level 5 of the Dungeon
  3801 | D:5      | Noticed a two-headed ogre
  3816 | D:5      | Mangled by a two-headed ogre

Vault maps used:
D:1:      minmay_arrival_four_houses
D:4:      first_bread, minmay_rat_hole
D:5:      minmay_temple_entry_fiery

Skill      XL: |  1  2  3  4  5  6 |
---------------+-------------------+-----
Axes           | 3 4 5 6 7 |  7.6
Fighting       | 4 5 6 |  6.2
Armour         | |  3.6
Shields        | |  3.6

Action                   |  1- 3 |  4- 6 |  7- 9 || total
-------------------------+-------+-------+-------++-------
Melee: War axe           |   112 |   147 |    11 ||   270
       Headbutt          |    16 |    20 |       ||    36
  Use: Potion            |       |       |     1 ||     1
  Eat: Chunk             |     4 |     4 |     1 ||     9
Armor: Scale mail        |    55 |    47 |     3 ||   105
Dodge: Dodged            |    41 |    48 |     1 ||    90
Block: Shield            |    48 |    90 |     5 ||   143
